 Dungeon Crawl Stone Soup version 0.31-a0-1074-g0b22e4e0f1 (webtiles) character file.

Game seed: 15670957670212925698

98 CowFu the Shooter (level 5, -2/30 HPs)
             Began as a Kobold Hunter on Nov 29, 2023.
             Slain by a gnoll
             ... wielding a +0 flail
             ... led by a gnoll sergeant
              (9 damage)
             ... on level 2 of the Dungeon.
             The game lasted 00:02:27 (1536 turns).

CowFu the Shooter (Kobold Hunter)                   Turns: 1536, Time: 00:02:28

Health: -2/30      AC:  4    Str:  9    XL:     5   Next: 1%
Magic:  5/5        EV: 15    Int: 10    God:
Gold:   83         SH:  0    Dex: 23    Spells: 4/4 levels left

rFire   . . .        a - +0 shortbow
rCold   . . .        (shield currently unavailable)
rNeg    . . .        q - +1 leather armour of Autotheism {-Cast Regen+ Dex+3}
rPois   .            (no helmet)
rElec   .            (no cloak)
rCorr   .            (no gloves)
SInv    .            (no boots)
Will    .....        n - amulet of the acrobat
Stlth   +++          (no ring)
HPRegen 1.05/turn    (no ring)
MPRegen 0.09/turn

%: no spellcasting, acrobat
@: no status effects
A: small, no large weapons, nightstalker 3
a: no special abilities


You were on level 2 of the Dungeon.
You visited 1 branch of the dungeon, and saw 3 of its levels.

You collected 83 gold pieces.

Inventory:

Hand Weapons
 a - a +0 shortbow (weapon)
 b - a +2 dagger of protection
Armour
 c - a +0 leather armour
 q - the +1 leather armour of Autotheism (worn) {-Cast Regen+ Dex+3}
   (You found it on level 3 of the Dungeon)

   Dex+3:     It affects your dexterity (+3).
   -Cast:     It prevents spellcasting.
   Regen+:    It increases your rate of health regeneration.
Jewellery
 h - an amulet of magic regeneration
 n - an amulet of the acrobat (around neck)
Scrolls
 d - 2 scrolls of fog {unknown}
 e - a scroll of fear {unknown}
 f - a scroll of butterflies
 g - 2 scrolls of identify {unknown}
 i - a scroll of blinking {unknown}
 l - a scroll of vulnerability {unknown}
 o - a scroll of poison {unknown}
Potions
 j - a potion of brilliance {unknown}
 k - 2 potions of attraction {unknown}
 m - a potion of curing {unknown}
 p - a potion of mutation {unknown}


   Skills:
 - Level 2.1 Fighting
 + Level 7.9 Ranged Weapons
 - Level 2.4 Dodging
 - Level 1.3 Stealth


You had 4 spell levels left.
You didn't know any spells.
Your spell library contained the following spells:

 Spells                   Type           Power      Damage    Failure   Level
 Dazzling Flash           Conj/Hex       0%         N/A       85%         3
 Agony                    Necr           0%         N/A       100%        5
 Silence                  Hex/Air        0%         N/A       100%        5


Dungeon Overview and Level Annotations

Branches:
Dungeon (3/15)

Altars:


Innate Abilities, Weirdness & Mutations

You are small and have problems with some larger weapons.
You are completely attuned to the shadows.


Message History

Done exploring.
You climb downwards.
There is a stone staircase leading up, spattered with blood here.
You shoot an arrow. The ball python hisses angrily.
The arrow hits the gnoll.
The gnoll is heavily wounded.
The gnoll barely misses you. The ball python misses you.
The ball python grabs you.
You stop ascending the stairs.
The ball python constricts you. The gnoll closely misses you.
You shoot an arrow. The arrow hits the ball python.
You kill the ball python!
The gnoll hits you with a +0 flail! The gnoll closely misses you.
You shoot an arrow. The arrow closely misses the gnoll.
The arrow hits the gnoll!
The gnoll is heavily wounded.
The gnoll hits you from afar with a +0 spear.
You shoot an arrow. The arrow closely misses the gnoll.
The gnoll barely misses you.
The gnoll hits you from afar with a +0 spear.
You shoot an arrow. The arrow hits the gnoll.
The gnoll is severely wounded.
The gnoll hits you with a +0 flail.
* * * LOW HITPOINT WARNING * * *
The gnoll hits you from afar with a +0 spear.
* * * LOW HITPOINT WARNING * * *
You are too injured to fight recklessly!
The gnoll hits you with a +0 flail.
* * * LOW HITPOINT WARNING * * *
The gnoll closely misses you.
You climb upwards.
There is a stone staircase leading down here.
Fire: a) +0 shortbow
Press: ? - help, Q - select action Shift-Dir - straight line, f - gnoll
Aim: a gnoll, wielding a +0 flail (severely wounded, 70% to hit)
You shoot an arrow. The arrow hits the gnoll.
The gnoll is almost dead.
The gnoll hits you with a +0 flail!
You die...

#.........# #.........#
#.........# #.........#
#.........# #############
#.........# ##.....#.....##
#.........# ##.............##
#.........# #.............@.#
#.........# #............g.)#
#.........# #...............#
##.......###
#...............# ##........#
#...............# #####.##.#
#...>...........###### #.##..
##...............รท...#
#.###.
##.....#.<...######.#####.#
#.
##########..######....##.###.


You could see a gnoll.

Vanquished Creatures
  2 gnolls
  2 adders (D:2)
  A dart slug (D:3)
  2 worms (D:2)
  3 endoplasms (D:1)
  2 giant cockroaches (D:1)
  4 goblins
  5 hobgoblins
  11 jackals
  2 kobolds
  A quokka (D:1)
  8 ball pythons
  3 frilled lizards
  4 rats
50 creatures vanquished.

Notes
Turn   | Place    | Note
-------+----------+-------------------------------------------
     0 | D:1      | CowFu the Kobold Hunter began the quest for the Orb.
     0 | D:1      | Reached XP level 1. HP: 12/12 MP: 1/1
   133 | D:1      | Reached XP level 2. HP: 12/17 MP: 2/2
   232 | D:1      | Found a faded altar of an unknown god.
   238 | D:1      | Reached skill level 6 in Ranged Weapons
   552 | D:1      | Reached XP level 3. HP: 21/21 MP: 3/3
  1004 | D:2      | Reached skill level 7 in Ranged Weapons
  1006 | D:2      | Reached XP level 4. HP: 19/26 MP: 4/4
  1385 | D:3      | Identified the +1 leather armour of Autotheism {-Cast
                  | Regen+ Dex+3}
  1515 | D:2      | Reached XP level 5. HP: 18/30 MP: 5/5
  1536 | D:2      | Slain by a gnoll

Illustrated notes

Levels and vault maps discovered:
D:1:      saegor_arrival_under_anarchy, layout_basic,
          ebering_ecumenical_altar_box, st_stairs_13, minmay_split_cup_large
D:2:      layout_rooms, minmay_surrounded
D:3:      layout_rooms, uniq_natasha

Skill      XL: |  1  2  3 |
---------------+----------+-----
Ranged Weapons | 6 7 |  7.9
Fighting       | |  2.1
Dodging        | |  2.4
Stealth        | |  1.3

Action                     |  1- 3 |  4- 6 || total
---------------------------+-------+-------++-------
   Fire: Shortbow          |    98 |    53 ||   151
 Armour: Leather armour    |    38 |    22 ||    60
  Dodge: Dodged            |    61 |    27 ||    88

Table legend: (Time is in decaauts)
 A = Elapsed time spent in this place.
 B = Non-inter-level travel time spent in this place.
 C = Inter-level travel time spent in this place.
 D = Time resting spent in this place.
 E = Time spent auto-exploring this place.
 F = Levels seen in this place.
 G = Mean time per level.
                   A        B        C        D        E       F      G
               +--------+--------+--------+--------+--------+-----+--------+
         Total |   1556 |   1538 |     18 |      0 |   1232 |   3 |  518.7 |
       Dungeon |   1556 |   1538 |     18 |      0 |   1232 |   3 |  518.7 |
               +--------+--------+--------+--------+--------+-----+--------+

Top non-repeatable levels by time:
     D:1: 743 daAuts
     D:2: 676 daAuts
     D:3: 136 daAuts
